 Dungeon Crawl Stone Soup version 0.20-a0-739-g6bb112f (webtiles) character file.

233 polly the Gusty (level 5, 0/57 HPs)
             Began as a Draconian Air Elementalist on Feb 25, 2017.
             Shot with an arrow by a centaur (3 damage)
             ... on level 6 of the Dungeon.
             The game lasted 00:04:52 (2526 turns).

polly the Gusty (Draconian Air Elementalist)        Turns: 2526, Time: 00:04:52

Health: 0/57       AC: 22    Str:  8    XL:     5   Next: 75%
Magic:  9/9        EV:  2    Int: 17    God:
Gold:   86         SH:  0    Dex: 11    Spells: 9/10 levels left

rFire    . . .     SeeInvis .   p - +0 long sword
rCold    . . .     Gourm    .   (armour unavailable)
rNeg     + + +     Faith    .   (no shield)
rPois    +         Spirit   .   (helmet currently unavailable)
rElec    .         Reflect  .   (cloak currently unavailable)
rCorr    .         Harm     .   (gloves currently unavailable)
MR       .....     NoTele   +   (boots currently unavailable)
Stlth    ++........             (no amulet)
Regen    0.2/turn               (no ring)
MPRegen  0.2/turn               (no ring)

@: tree-form
A: unfitting armour, blink, (poison resistance), weak 1, (cold-blooded), AC +5
a: Blink


You were on level 6 of the Dungeon.
You were not hungry.
You were a tree.
You visited 1 branch of the dungeon, and saw 4 of its levels.

You collected 86 gold pieces.

Inventory:

Hand Weapons
 p - a +0 long sword (weapon)
Armour
 o - a +2 pair of boots (melded)
Scrolls
 d - a scroll of remove curse
 e - 2 scrolls of fear {unknown}
 g - a scroll of recharging {unknown}
 k - a scroll of identify {unknown}
 l - a scroll of magic mapping {unknown}
 m - a scroll of teleportation {unknown}
 r - a scroll of amnesia {unknown}
Potions
 i - a potion of heal wounds {unknown}
 n - a potion of magic {unknown}
Books
 a - a book of Air

   Spells                             Type                      Level
   a - Shock                          Conjuration/Air              1
   b - Swiftness                      Charms/Air                   2
   c - Static Discharge               Conjuration/Air              3
   d - Airstrike                      Air                          4
   e - Lightning Bolt                 Conjuration/Air              5
Comestibles
 b - 3 bread rations
 f - 2 royal jellies
 j - 3 fruits
 q - 2 chunks of flesh


   Skills:
 + Level 0.8 Long Blades
 + Level 2.5 Dodging
 - Level 2.0 Stealth
 - Level 0.8 Unarmed Combat
 + Level 3.2 Spellcasting
 + Level 2.5 Conjurations
 + Level 4.3 Air Magic


You had 9 spell levels left.
You knew the following spells:

 Your Spells              Type           Power        Failure   Level  Hunger
a - Shock                 Conj/Air       ##..         4%          1    None


Dungeon Overview and Level Annotations

Branches:
Dungeon (3/15)

Altars:
Vehumet


Innate Abilities, Weirdness & Mutations

((Your plain brown scales are hard. (AC +5)))
You cannot fit into any form of body armour.
((You are cold-blooded and may be slowed by cold attacks.))
You can translocate small distances at will.
((Your system is resistant to poisons. (rPois)))
You are weak. (Str -2)


Message History

You see here an arrow.
You hit the jelly but do no damage.
Your hands burn!
The centaur wields a shortbow.
The centaur shoots an arrow.
The arrow hits you!
The centaur shoots an arrow.
The arrow hits you.
* * * LOW HITPOINT WARNING * * *
The centaur shoots an arrow.
The arrow hits you.
* * * LOW HITPOINT WARNING * * *
The jelly hits you but does no damage.
The centaur shoots an arrow.
The arrow hits you but does no damage.
Sorry, you're not good enough to have a special ability.
It was a potion of mutation.
You feel extremely strange.
You feel weaker.
You feel resistant to poisons.
You feel jittery.
The centaur shoots an arrow.
The arrow hits you.
* * * LOW HITPOINT WARNING * * *
The jelly closely misses you.
It was a potion of lignification.
You turn into a tree.
Your +2 pair of boots melds into your body.
Your roots penetrate the ground.
The centaur shoots an arrow.
The arrow hits you.
You die...

### ....
..c..####
.c......######..
........♣J......
................
.###............
###........#.
##.........
##........
#####+###


You could see 2 centaurs and a jelly.

Vanquished Creatures
  Sigmund (D:2)
  3 gnolls (D:2)
  An adder (D:2)
  A worm (D:2)
  An orc (D:3)
  A ball python (D:3)
  5 bats
  A goblin (D:2)
  3 hobgoblins
  4 jackals (D:2)
  2 kobolds
  2 quokkas (D:2)
  3 frilled lizards
  23 rats
51 creatures vanquished.

Notes
Turn   | Place    | Note
-------+----------+-------------------------------------------
     0 | D:1      | polly the Draconian Air Elementalist began the quest for the Orb.
     0 | D:1      | Reached XP level 1. HP: 14/14 MP: 3/3
   693 | D:2      | Reached XP level 2. HP: 19/20 MP: 0/5
   787 | D:2      | Noticed Sigmund
  1213 | D:2      | Reached XP level 3. HP: 26/26 MP: 3/6
  1548 | D:2      | Found a radiant altar of Vehumet.
  1823 | D:2      | Reached XP level 4. HP: 26/33 MP: 1/7
  2032 | D:2      | Killed Sigmund
  2032 | D:2      | Reached skill level 4 in Air Magic
  2032 | D:2      | Reached XP level 5. HP: 16/38 MP: 1/9
  2522 | D:3      | You fall through a shaft for 3 floors!
  2522 | D:6      | Noticed a centaur
  2522 | D:6      | Noticed a centaur
  2525 | D:6      | Gained mutation: You are weak. (Str -2) [potion of mutation]
  2525 | D:6      | Gained mutation: Your system is resistant to poisons. (rPois) [potion of mutation]
  2525 | D:6      | Gained mutation: You can translocate small distances at will. [potion of mutation]
  2526 | D:6      | Shot with an arrow by a centaur

Vault maps used:
D:1:      roderic_dead_forest, minmay_cut_off
D:2:      lemuel_crystal_altar, first_bread, minmay_rat_hole, uniq_sigmund
D:6:      lemuel_doored_altar, grunt_dithmenos_smoke, kennysheep_little_box,
          temple_fountains, gup_sewer_entry_bowl, okawaru_gym_becter

Skill      XL: |  1  2  3  4 |
---------------+-------------+-----
Dodging        | 2 |  2.5
Stealth        | 2 |  2.0
Spellcasting   | 3 |  3.2
Conjurations   | 2 |  2.5
Air Magic      | 4 |  4.3
Long Blades    | |  0.8
Unarmed Combat | |  0.8

Action                   |  1- 3 |  4- 6 || total
-------------------------+-------+-------++-------
Melee: Unarmed           |    44 |       ||    44
       Tailslap          |     7 |     1 ||     8
       Long sword        |     4 |     7 ||    11
 Cast: Shock             |    58 |    19 ||    77
  Use: Scroll            |     1 |       ||     1
       Potion            |       |     2 ||     2
  Eat: Chunk             |     3 |     3 ||     6
Armor: Skin              |    33 |     3 ||    36
Dodge: Dodged            |    41 |     4 ||    45
       Rpst.: Long sword |     3 |     1 ||     4
